 Dungeon Crawl Stone Soup version 0.26-a0-651-gb41185065b (webtiles) character file.

Game seed: 10151435530186300137

14163 Apogee the Fighter (level 12, -21/119 HPs)
             Began as an Ogre Venom Mage on Oct 5, 2020.
             Was an Elder of Vehumet.
             Demolished by a komodo dragon (28 damage)
             ... on level 1 of the Lair of Beasts.
             The game lasted 00:41:15 (17135 turns).

Apogee the Fighter (Ogre Venom Mage)               Turns: 17135, Time: 00:41:16

Health: -21/119    AC:  7    Str: 15    XL:     12   Next: 13%
Magic:  13/24      EV: 11    Int: 20    God:    Vehumet [****..]
Gold:   783        SH:  0    Dex:  9    Spells: 2/27 levels left

rFire    . . .     SeeInvis .   J - +1 whip (elec)
rCold    . . .     Faith    .   (no shield)
rNeg     + . .     Spirit   .   Y - +0 steam dragon scales
rPois    .         Reflect  .   (helmet restricted)
rElec    .         Harm     .   e - +0 cloak
rCorr    .         Rampage  .   (gloves unavailable)
MR       +....                  (boots unavailable)
Stlth    ++........             S - amulet of the acrobat
HPRegen  0.29/turn              D - ring of positive energy
MPRegen  0.19/turn              (no ring)

@: lethally poisoned (-21 -> -38), marked
A: large, unfitting armour, tough skin 1
a: Renounce Religion


You were on level 1 of the Lair of Beasts.
You worshipped Vehumet.
Vehumet was greatly pleased with you.
You visited 2 branches of the dungeon, and saw 12 of its levels.

You collected 783 gold pieces.

Inventory:

Hand Weapons
 J - a +1 whip of electrocution (weapon)
   (You took it off Pikel on level 6 of the Dungeon)
Missiles
 V - 299 stones (quivered)
 X - a throwing net {!f}
Armour
 e - a +0 cloak (worn)
   (You took it off Maurice on level 11 of the Dungeon)
 v - a +0 tower shield
   (You found it on level 3 of the Dungeon)
 Y - +0 steam dragon scales (worn)
   (You found it on level 10 of the Dungeon)
Jewellery
 h - a cursed ring of attention {unknown}
   (You found it on level 11 of the Dungeon)
 D - a ring of positive energy (left hand)
   (You found it on level 4 of the Dungeon)
 S - an amulet of the acrobat (around neck)
   (You found it on level 9 of the Dungeon)
Wands
 c - a wand of disintegration (15)
   (You found it on level 5 of the Dungeon)
 d - a wand of iceblast (12)
   (You found it on level 9 of the Dungeon)
 t - a wand of flame (10)
   (You took it off a centaur on level 9 of the Dungeon)
 u - a wand of paralysis (15)
   (You found it on level 5 of the Dungeon)
 x - a wand of acid (15)
   (You took it off Ijyb on level 3 of the Dungeon)
 L - a wand of enslavement (7)
   (You found it on level 7 of the Dungeon)
 P - a wand of polymorph (6)
   (You found it on level 9 of the Dungeon)
Scrolls
 a - a scroll of vulnerability {unknown}
 b - 2 scrolls of fog {unknown}
 f - 3 scrolls of identify {@r1}
 g - 4 scrolls of teleportation {@r4}
 k - 2 scrolls of amnesia {unknown}
 o - 2 scrolls of noise {unknown}
 y - 2 scrolls of magic mapping
 A - 2 scrolls of blinking {unknown}
 F - 5 scrolls of remove curse {@r2}
 M - a scroll of enchant armour {unknown}
 N - 2 scrolls of random uselessness {unknown}
 Q - a scroll of immolation {unknown}
 R - 2 scrolls of enchant weapon
 U - a scroll of fear {unknown}
 W - a scroll of summoning {unknown}
Potions
 i - a potion of might {unknown}
 j - 4 potions of lignification {unknown}
 l - 2 potions of flight {unknown}
 m - 2 potions of brilliance {unknown}
 n - a potion of magic {unknown}
 p - 2 potions of cancellation {unknown}
 r - a potion of stabbing {unknown}
 s - 6 potions of curing {@q1}
 w - a potion of heal wounds {@q2}
 E - a potion of berserk rage {unknown}
 G - 2 potions of mutation {unknown}
 H - 3 potions of invisibility {unknown}
 K - a potion of haste {@q3}


   Skills:
 - Level 8.0 Fighting
   Level 2.0 Short Blades
 + Level 6.3 Maces & Flails
 + Level 5.2 Dodging
 - Level 1.9 Stealth
 - Level 8.0 Spellcasting
 - Level 6.0 Conjurations
 - Level 2.0 Transmutations
 - Level 2.0 Fire Magic
 - Level 8.0 Air Magic
 - Level 2.0 Earth Magic
 - Level 7.9 Poison Magic


You had 2 spell levels left.
You knew the following spells:

 Your Spells              Type           Power        Failure   Level
a - Sting                 Tmut/Pois      ####         1%          1
b - Shock                 Conj/Air       ####         1%          1
c - Ignite Poison         Fire/Tmut/Pois ###.....     1%          3
d - Stone Arrow           Conj/Erth      ###...       1%          3
e - Iskenderun's Mystic   Conj/Tloc      ###.....     7%          4
f - Mephitic Cloud        Conj/Pois/Air  #####...     1%          3
g - Airstrike             Air            #####.....   1%          4
x - Poisonous Vapours     Pois/Air       #####.       1%          2
y - Olgreb's Toxic Radia  Pois           #####...     1%          4

Your spell library contained the following spells:

 Spells                   Type           Power        Failure   Level
 Foxfire                  Conj/Fire      ###.         1%          1
 Corona                   Hex            #......      9%          1
 Ensorcelled Hibernation  Hex/Ice        #.....       13%         2
 Conjure Flame            Conj/Fire      ###.....     1%          3
 Static Discharge         Conj/Air       #####...     1%          3
 Dazzling Flash           Conj/Hex       ###...       2%          3
 Lightning Bolt           Conj/Air       #####.....   3%          5
 Inner Flame              Hex/Fire       ##......     4%          3
 Sticky Flame             Conj/Fire      ###.....     4%          4
 Fireball                 Conj/Fire      ###.......   12%         5
 Confusing Touch          Hex            #.......     26%         3
 Tukima's Dance           Hex            #.......     26%         3
 Ignition                 Fire           ###.......   100%        8
 Shatter                  Erth           ###.......   100%        9
 Tornado                  Air            #####.....   100%        9


Dungeon Overview and Level Annotations

Branches:
Dungeon (11/15)            Temple (0/1) D:6            Lair (1/6) D:11
    Orc (0/2) D:11

Altars:
Ashenzari
Cheibriados
Gozag
Okawaru
Ru
Sif Muna
Trog
Vehumet
Yredelemnul

Portals:
Trove: D:10 (give 7 scrolls of fog)


Innate Abilities, Weirdness & Mutations

You are too large for most types of armour.
You have tough skin. (AC +1)


Message History

You are more poisoned.
The black mamba poisons you!
The crocodile is poisoned.
The komodo dragon looks even sicker.
Your toxic aura wanes.
You feel very sick.
The black mamba splashes around in the water.
The komodo dragon bites you!!
* * * LOW HITPOINT WARNING * * *
The black mamba completely misses you. The black mamba closely misses you.
The komodo dragon closely misses you. The black mamba misses you.
You feel very sick. The black mamba completely misses you.
A crocodile comes into view.
The komodo dragon misses you. The black mamba completely misses you.
Unknown command.
You feel sick. The komodo dragon bites you!
* * * LOW HITPOINT WARNING * * *
The black mamba misses you. The komodo dragon misses you.
The crocodile misses you.
You feel sick.
There is a staircase back to the Dungeon, spattered with blood here.
Unknown command.
You feel much better.
You feel sick.
The black mamba splashes around in the water.
The komodo dragon bites you!
* * * LOW HITPOINT WARNING * * *
The crocodile bites you.
* * * LOW HITPOINT WARNING * * *
The black mamba bites you.
* * * LOW HITPOINT WARNING * * *
Unknown command.
You feel much better.
You feel sick. The black mamba bites you!
* * * LOW HITPOINT WARNING * * *
The komodo dragon bites you but does no damage.
The crocodile bites you!
* * * LOW HITPOINT WARNING * * *
The crocodile bites you!
* * * LOW HITPOINT WARNING * * *
The black mamba bites you!
* * * LOW HITPOINT WARNING * * *
Unknown command.
Okay, then.
You feel much better.
You feel sick.
The crocodile looks more healthy.
The black mamba bites you!
* * * LOW HITPOINT WARNING * * *
The black mamba bites you!
* * * LOW HITPOINT WARNING * * *
You are lethally poisoned!
The black mamba poisons you! The komodo dragon bites you!!
You die...

...##......+ ....#......#
.. #......#.≈.≈.≈.##...
#.......≈≈≈≈≈≈..#...
..#......≈≈≈≈≈≈≈≈≈....
...#......≈≈≈≈≈≈≈≈≈≈...
............≈≈≈≈.≈≈≈≈....
............≈≈≈t@S≈≈≈≈...
..........≈≈≈≈tSl≈≈≈....
....S....≈≈≈≈≈≈≈≈≈≈....
..........≈≈≈≈≈≈≈≈....
#.##....#≈≈≈≈≈≈≈≈≈....
####.###...##.≈.≈...P.(..
.#....##...##..†.........
............##.####.#....
.......#...###.. ##....


You could see a komodo dragon (poisoned), 2 black mambas and 2 crocodiles.

Vanquished Creatures
  2 two-headed ogres
  An unseen horror (D:10)
  Pikel (D:6)
  Maurice (D:11)
  An elephant (D:11)
  A centaur zombie (D:10)
  Psyche (D:9)
  2 gargoyles (D:10)
  2 trolls (D:9)
  A tengu conjurer (D:10)
  A polar bear (D:11)
  2 hippogriffs (D:11)
  Sigmund (D:6)
  A wraith (D:10)
  7 yaks
  2 steam dragons
  Grum (D:9)
  A water moccasin (D:9)
  2 porcupines (Lair:1)
  A swamp drake (D:11)
  A meliai simulacrum (D:11)
  7 orc warriors
  Duvessa (D:4)
  An ice beast (D:11)
  2 black bears
  4 wolves
  6 ogres
  4 centaurs
  3 crocodiles
  4 big kobolds
  9 bullfrogs
  Dowan (D:4)
  3 scorpions (D:8)
  10 killer bees
  16 wights
  An electric eel (D:11)
  7 howler monkeys
  2 bullfrog zombies
  2 quasits
  3 centaur skeletons
  4 jellies
  2 orc priests
  6 hounds
  8 orc wizards
  Jessica (D:3)
  4 bullfrog skeletons
  4 iguanas
  Ijyb (D:3)
  7 worker ants
  A bullfrog simulacrum (D:11)
  2 hound skeletons
  3 worker ant zombies
  3 gnolls (D:10)
  10 adders
  A hound simulacrum (D:11)
  6 white imps
  An ufetubus (D:5)
  4 worms
  2 dart slugs
  3 leopard geckos
  35 orcs
  9 giant cockroaches
  8 goblins
  5 hobgoblins
  15 jackals
  29 kobolds
  2 quokkas
  A ball python (D:3)
  11 bats
  8 frilled lizards
  6 rats
321 creatures vanquished.

Vanquished Creatures (others)
  2 fungi (D:11)
  A plant (D:11)
  4 toadstools (D:1)
7 creatures vanquished.

Grand Total: 328 creatures vanquished

Notes
Turn   | Place    | Note
-------+----------+-------------------------------------------
     0 | D:1      | Apogee the Ogre Venom Mage began the quest for the Orb.
     0 | D:1      | Reached XP level 1. HP: 16/16 MP: 3/3
    40 | D:1      | Reached skill level 1 in Transmutations
   205 | D:1      | Reached XP level 2. HP: 24/24 MP: 2/5
   211 | D:1      | Learned a level 2 spell: Poisonous Vapours
   815 | D:1      | Reached XP level 3. HP: 25/31 MP: 2/7
  1829 | D:2      | Reached skill level 1 in Air Magic
  2115 | D:2      | Reached XP level 4. HP: 33/39 MP: 4/9
  2146 | D:2      | Found a bloodstained altar of Trog.
  2877 | D:3      | Found a radiant altar of Vehumet.
  2887 | D:3      | Became a worshipper of Vehumet
  3252 | D:3      | Reached XP level 5. HP: 46/46 MP: 6/11
  3323 | D:3      | Noticed Ijyb
  3336 | D:3      | Killed Ijyb
  3336 | D:3      | Reached skill level 1 in Fighting
  3336 | D:3      | Reached skill level 1 in Short Blades
  3744 | D:3      | Noticed Jessica
  3748 | D:3      | Killed Jessica
  3954 | D:3      | Reached * piety under Vehumet
  3954 | D:3      | Offered knowledge of Shock by Vehumet.
  3960 | D:3      | Learned a level 1 spell: Shock
  4301 | D:4      | Found an iron altar of Okawaru.
  4435 | D:4      | Noticed Duvessa
  4437 | D:4      | Noticed Dowan
  4447 | D:4      | Reached XP level 6. HP: 59/59 MP: 4/12
  4451 | D:4      | Killed Duvessa
  4704 | D:4      | Reached skill level 5 in Fighting
  4709 | D:4      | Learned a level 3 spell: Ignite Poison
  4714 | D:4      | Learned a level 4 spell: Olgreb's Toxic Radiance
  5057 | D:4      | Killed Dowan
  5057 | D:4      | Reached XP level 7. HP: 72/72 MP: 7/13
  5152 | D:5      | Entered Level 5 of the Dungeon
  5162 | D:5      | Reached skill level 1 in Fire Magic
  6062 | D:6      | Reached skill level 5 in Poison Magic
  6269 | D:6      | Found a snail-covered altar of Cheibriados.
  6317 | D:6      | Reached XP level 8. HP: 76/80 MP: 10/14
  6630 | D:6      | Noticed Sigmund
  6638 | D:6      | Killed Sigmund
  6708 | D:6      | Found a staircase to the Ecumenical Temple.
  6716 | D:6      | Reached skill level 1 in Conjurations
  6909 | D:6      | Noticed Pikel
  7144 | D:6      | Killed Pikel
  7144 | D:6      | Reached skill level 5 in Spellcasting
  7144 | D:6      | Reached XP level 9. HP: 88/88 MP: 6/17
  7649 | D:7      | Reached ** piety under Vehumet
  7740 | D:7      | Offered knowledge of Searing Ray by Vehumet.
  8127 | D:7      | Found a shimmering blue altar of Sif Muna.
  8127 | D:7      | Found a broken altar of Ashenzari.
  8145 | D:7      | Reached skill level 1 in Maces & Flails
  9380 | D:7      | Found a bloodstained altar of Trog.
  9964 | D:8      | Noticed a two-headed ogre
 10236 | D:8      | Found a basalt altar of Yredelemnul.
 10317 | D:8      | Killed a two-headed ogre
 10317 | D:8      | Reached XP level 10. HP: 74/104 MP: 7/19
 10322 | D:8      | Learned a level 3 spell: Mephitic Cloud
 10899 | D:8      | Found an opulent altar of Gozag.
 10981 | D:8      | Offered knowledge of Stone Arrow by Vehumet.
 11025 | D:8      | Learned a level 3 spell: Stone Arrow
 11157 | D:8      | Reached skill level 1 in Earth Magic
 11571 | D:9      | Reached *** piety under Vehumet
 11646 | D:9      | Found a basalt altar of Yredelemnul.
 11761 | D:9      | Noticed Psyche
 11764 | D:9      | Reached skill level 5 in Conjurations
 11766 | D:9      | Killed Psyche
 12195 | D:9      | Noticed Grum
 12203 | D:9      | Offered knowledge of Iskenderun's Mystic Blast by Vehumet.
 12206 | D:9      | Killed Grum
 12225 | D:9      | Learned a level 4 spell: Iskenderun's Mystic Blast
 12317 | D:9      | Reached XP level 11. HP: 90/111 MP: 17/22
 12484 | D:9      | Noticed a two-headed ogre
 12510 | D:9      | Killed a two-headed ogre
 12510 | D:9      | Reached skill level 5 in Air Magic
 12955 | D:9      | Found an iron altar of Okawaru.
 13053 | D:9      | Found a sacrificial altar of Ru.
 13333 | D:10     | Entered Level 10 of the Dungeon
 13620 | D:10     | Reached **** piety under Vehumet
 13794 | D:10     | Offered knowledge of Airstrike by Vehumet.
 14118 | D:9      | Learned a level 4 spell: Airstrike
 14449 | D:10     | Killed an unseen horror
 15057 | D:10     | Found a portal to a secret trove of treasure.
 15323 | D:11     | Reached skill level 5 in Maces & Flails
 15337 | D:11     | Noticed Maurice
 15344 | D:11     | Killed Maurice
 15750 | D:11     | Found a staircase to the Lair.
 15790 | D:11     | Reached XP level 12. HP: 88/119 MP: 8/24
 16128 | D:11     | Found a staircase to the Orcish Mines.
 16729 | D:11     | Reached skill level 5 in Dodging
 17091 | Lair:1   | Entered Level 1 of the Lair of Beasts
 17135 | Lair:1   | Demolished by a komodo dragon

Illustrated notes

Levels and vault maps discovered:
D:1:      ldierk_water_garden, layout_basic
D:2:      layout_loops_ring, lemuel_coloured_pillars_altar, dk_noncrumbling_4,
          minmay_worlds_worst_comb
D:3:      layout_loops_corners, lemuel_crystal_altar, portal_sewer_entry_d,
          ebering_dispersal_statue_hall, uniq_ijyb, uniq_jessica
D:4:      layout_basic, lemuel_statue_altar, uniq_duvessa
D:5:      layout_rooms
D:6:      layout_loops_ring, old_standard_altar, temple_pool_b, uniq_sigmund,
          uniq_pikel
D:7:      layout_basic, gammafunk_temple_overflow_elements, trog_book
D:8:      layout_loops_corners, nicolae_gozag_seed_capital,
          yredelemnul_altar_generic
D:9:      layout_roguey, lemuel_round_altar, lemuel_crystal_altar, basic_altar,
          uniq_psyche, uniq_grum
D:10:     minmay_evil_eye, layout_basic, enter_trove_0, minmay_door_square,
          grunt_ministairs_11, billiards_dpeg
D:11:     layout_basic, david_lair_generic, erik_orc_1, serial_ice,
          serial_ice_l, serial_ice_f, serial_ice_n, serial_ice_c, serial_ice_b,
          serial_ice_o, portal_ice_cave_demonic_guard,
          kennysheep_generic_room_16, uniq_maurice
Lair:1:   layout_regular_city, grunt_megastairs_2, infiniplex_staircase_pool_2,
          lemuel_fruit_fields

Skill      XL: |  1  2  3  4  5  6  7  8  9 10 11 12 |
---------------+-------------------------------------+-----
Transmutations | 1 2 |  2.0
Poison Magic   | 3 4 5 6 7 |  7.9
Spellcasting   | 3 4 5 6 7 8 |  8.0
Air Magic      | 1 2 3 4 8 |  8.0
Fighting       | 2 5 8 |  8.0
Short Blades   | 1 2 |  2.0
Fire Magic     | 2 |  2.0
Conjurations   | 3 4 6 |  6.0
Maces & Flails | 4 5 6 |  6.3
Earth Magic    | 2 |  2.0
Dodging        | 4 5 |  5.2
Stealth        | |  1.9

Action                   |  1- 3 |  4- 6 |  7- 9 | 10-12 || total
-------------------------+-------+-------+-------+-------++-------
Melee: Mace              |    54 |       |       |       ||    54
       Dagger            |    27 |   113 |   134 |   121 ||   395
       Whip              |       |       |       |   137 ||   137
Throw: Stone             |     3 |       |     1 |     1 ||     5
 Cast: Sting             |    37 |    18 |    13 |     6 ||    74
       Poisonous Vapours |    11 |    26 |    69 |    73 ||   179
       Shock             |       |     1 |    61 |    36 ||    98
       Olgreb's Toxic Ra |       |       |     5 |    26 ||    31
       Ignite Poison     |       |       |       |    30 ||    30
       Mephitic Cloud    |       |       |       |     9 ||     9
       Airstrike         |       |       |       |    34 ||    34
       Iskenderun's Myst |       |       |       |     7 ||     7
       Stone Arrow       |       |       |       |     3 ||     3
Evoke: Wand              |       |       |     1 |     6 ||     7
  Use: Scroll            |       |       |       |     9 ||     9
       Potion            |       |       |       |     3 ||     3
 Stab: Sleeping          |     1 |     2 |     2 |     1 ||     6
       Distracted        |       |     1 |       |       ||     1
       Confused          |       |       |       |     1 ||     1
Armor: Robe              |    41 |    26 |    26 |    13 ||   106
       Steam dragon scal |       |       |       |    52 ||    52
       Troll leather arm |       |       |       |     5 ||     5
Dodge: Dodged            |    51 |    54 |   104 |   166 ||   375

Table legend: (Time is in decaauts)
 A = Elapsed time spent in this place.
 B = Non-inter-level travel time spent in this place.
 C = Inter-level travel time spent in this place.
 D = Time resting spent in this place.
 E = Time spent auto-exploring this place.
 F = Levels seen in this place.
 G = Mean time per level.
                   A        B        C        D        E       F      G
               +--------+--------+--------+--------+--------+-----+--------+
         Total |  17150 |  16593 |    557 |   3802 |  10047 |  12 | 1429.2 |
       Dungeon |  17100 |  16543 |    557 |   3802 |  10025 |  11 | 1554.5 |
          Lair |     50 |     50 |      0 |      0 |     22 |   1 |   50.0 |
               +--------+--------+--------+--------+--------+-----+--------+

Top non-repeatable levels by time:
     D:7: 2531 daAuts
     D:9: 2143 daAuts
     D:1: 1848 daAuts
    D:11: 1786 daAuts
    D:10: 1659 daAuts
     D:3: 1618 daAuts
     D:8: 1546 daAuts
     D:6: 1409 daAuts
     D:2: 1026 daAuts
     D:5: 827 daAuts
     D:4: 704 daAuts
  Lair:1: 50 daAuts
